 Dungeon Crawl Stone Soup version 0.31.0-9-g3a7656b989 (webtiles) character file.

Game seed: 3489206125790826578

105 qw the Shooter (level 4, 0/22 HPs)
             Began as a Spriggan Hunter on Feb 2, 2024.
             Slain by an adder (2 damage)
             ... on level 2 of the Dungeon.
             The game lasted 00:00:02 (995 turns).

qw the Shooter (Spriggan Hunter)                     Turns: 995, Time: 00:00:03

Health: 0/22       AC:  2    Str:  7    XL:     4   Next: 53%
Magic:  5/5        EV: 20    Int: 10    God:
Gold:   59         SH:  0    Dex: 20    Spells: 3/3 levels left

rFire   . . .        a - +0 shortbow
rCold   . . .        (shield currently unavailable)
rNeg    . . .        c - +0 robe
rPois   .            (helmet restricted)
rElec   .            (no cloak)
rCorr   .            (gloves unavailable)
SInv    +            (boots unavailable)
Will    .....        (no amulet)
Stlth   ++           (no ring)
HPRegen 0.23/turn    (no ring)
MPRegen 0.09/turn

%: no passive effects
@: lethally poisoned (0 -> -2), about to teleport, very quick
A: very small, no large weapons, unfitting armour, see invisible, speed 3
a: no special abilities


You were on level 2 of the Dungeon.
You visited 1 branch of the dungeon, and saw 2 of its levels.

You collected 59 gold pieces.


Innate Abilities, Weirdness & Mutations

You are very small and have problems with some larger weapons.
You are too small for most types of armour.
You have supernaturally acute eyesight. (SInv)
You cover ground extremely quickly. (Speed+++)


   Skills:
 - Level 1.5 Fighting
 - Level 5.2 Ranged Weapons
 + Level 4.7 Dodging
 - Level 1.5 Stealth


You had 3 spell levels left.
You didn't know any spells.
Your spell library was empty.

Inventory:

Hand Weapons
 a - a +0 shortbow (weapon)
Armour
 c - a +0 robe (worn)
Scrolls
 b - a scroll of brand weapon {unknown}
 d - a scroll of revelation {unknown}
Potions
 e - a potion of brilliance {unknown}
 g - a potion of curing {unknown}
 h - a potion of haste {unknown}

Dungeon Overview and Level Annotations

Branches:
Dungeon (2/15)

Altars:


Message History

The arrow hits Terence but does no damage.
Terence is severely wounded.
You shoot an arrow. The arrow hits Terence.
Terence is almost dead.
Terence hits you with a +2 heavy hand axe!
Ouch! That really hurt!
You shoot an arrow. The arrow barely misses Terence.
The arrow barely misses the kobold.
Terence closely misses you.
You shoot an arrow.
The arrow hits Terence but does no damage.
Terence is almost dead.
You shoot an arrow.
The arrow hits Terence but does no damage.
Terence is almost dead.
Terence misses you.
You shoot an arrow. The arrow hits Terence.
You kill Terence!
The adder bites you but does no damage.
You shoot an arrow. The arrow completely misses the adder.
The arrow hits the kobold but does no damage.
The adder bites you.
You are lethally poisoned!
The adder poisons you!
You shoot an arrow. The arrow misses the adder.
The arrow hits the ribbon worm but does no damage.
You feel sick. The adder misses you. x2
993 ||| READING scroll of teleportation.
As you read the scroll of teleportation, it crumbles to dust.
You feel strangely unstable.
You feel sick. The adder bites you but does no damage.
You shoot an arrow. The arrow barely misses the adder.
The arrow hits the ribbon worm.
The ribbon worm is lightly wounded.
You feel sick. The adder bites you but does no damage. The adder misses you.
You shoot an arrow. The arrow closely misses the adder.
The arrow hits the ribbon worm!
The ribbon worm is severely wounded.
You feel sick. The adder bites you.
You die...

#.....>... +..
..+..###.##. #~..
..~##.#....#. #~..#
#..~#.......#.
#~..~#####~..~#..#.#....
#~...........~####.####.
#~....Kw.....~#.........
#~~¤~~~S~~~¤~~####.#####
#@# #####.##.#
###.###.....##.#
#........##%##.#
#.######.##.##.# #.
####.##.# # #....#
###.%# .....# #######


You could see a ribbon worm, an adder and a kobold.

Vanquished Creatures
  Jessica (D:2)
  Terence (D:2)
  Natasha (D:2)
  An adder (D:2)
  3 ball pythons
  A bat (D:1)
  2 endoplasms
  2 giant cockroaches
  2 goblins (D:1)
  2 quokkas
  2 frilled lizards
  A kobold (D:2)
  4 rats
23 creatures vanquished.

Notes
Turn   | Place    | Note
-------+----------+-------------------------------------------
     0 | D:1      | qw the Spriggan Hunter began the quest for the Orb.
     0 | D:1      | Reached XP level 1. HP: 10/10 MP: 2/2
     0 | D:1      | 0 ||| qw: Version: 0.3-a-155-g5e7d8dd
     0 | D:1      | 0 ||| qw: Game counter: 309
     0 | D:1      | 0 ||| qw: Melee chars always use a shield: true
     0 | D:1      | 0 ||| qw: God list: Okawaru
     0 | D:1      | 0 ||| qw: Allow faded altars: false
     0 | D:1      | 0 ||| qw: Do Orc after clearing Dungeon:15 true
     0 | D:1      | 0 ||| qw: Do second Lair branch before Depths: true
     0 | D:1      | 0 ||| qw: Lair rune preference: random
     0 | D:1      | 0 ||| qw: Goals: Normal
     0 | D:1      | 0 ||| PLANNING D:1-11
    45 | D:1      | Reached skill level 3 in Dodging
   327 | D:1      | Reached XP level 2. HP: 14/14 MP: 3/3
   713 | D:1      | 713 ||| READING scroll labelled DICREO IPID.
   716 | D:1      | 716 ||| READING 2 scrolls labelled YRIFAEG JIGA.
   717 | D:1      | 717 ||| READING scroll labelled BOINGI QAMAITZ.
   718 | D:1      | 718 ||| DROPPING scroll of butterflies.
   719 | D:1      | 719 ||| DROPPING scroll of fog.
   761 | D:2      | Noticed Jessica
   769 | D:2      | Killed Jessica
   770 | D:2      | Reached XP level 3. HP: 14/18 MP: 4/4
   827 | D:2      | Noticed Natasha
   831 | D:2      | Killed Natasha
   832 | D:2      | Reached skill level 5 in Ranged Weapons
   832 | D:2      | Reached XP level 4. HP: 22/22 MP: 5/5
   976 | D:2      | Noticed Terence
   990 | D:2      | Killed Terence
   992 | D:2      | HP: 4/22 [poisoned by an adder]
   993 | D:2      | 993 ||| READING scroll of teleportation.
   995 | D:2      | Slain by an adder

Levels and vault maps discovered:
D:1:      psy_arrival_radial02, layout_basic
D:2:      layout_basic, basic_altar, kennysheep_path_1, minmay_tromino_v4_b,
          uniq_natasha, uniq_jessica, uniq_terence

Skill      XL: |  1  2  3 |
---------------+----------+-----
Dodging        | 3 4 |  4.7
Ranged Weapons | 5 |  5.2
Fighting       | |  1.5
Stealth        | |  1.5

Action                     |  1- 3 |  4- 6 || total
---------------------------+-------+-------++-------
   Fire: Shortbow          |    42 |    25 ||    67
    Use: Scroll            |     3 |     1 ||     4
 Armour: Robe              |     5 |     6 ||    11
  Dodge: Dodged            |     9 |     7 ||    16

Table legend:
 A = Non-vault XP
 B = Vault XP
 C = Vault XP percentage of total XP
 D = Non-vault monster count
 E = Vault monster count
 F = Vault count percentage of total count
                 A         B        C        D         E       F
            +---------+---------+-------+---------+---------+-------
      Total |      42 |     108 |  72.0 |      20 |       3 |  13.0
            +---------+---------+-------+---------+---------+-------
        D:1 |      18 |       0 |   0.0 |      11 |       0 |   0.0
        D:2 |      24 |     108 |  81.8 |       9 |       3 |  25.0
            +---------+---------+-------+---------+---------+-------
